SA
PHOENIX HOTSPUR U-21 @ PUT-IN-BAY BC
07/20/2027
 
TOP OF THE 1ST
Phoenix Hotspur U-21 batting - Pitching for Put-In-Bay BC : RHP Enrique Castro
Pitching: RHP Enrique Castro
Batting: RHB Solomon Norment 0-0: Ball
1-0: Foul Ball, location: 2F
1-1: Called Strike
1-2: Foul Ball, location: 2F
1-2: Ball
2-2: Ball
3-2: Base on Balls
Batting: RHB Juan Negrete 0-0: Ball
1-0: Ball
2-0: Called Strike
Solomon Norment steals 2nd base
2-1: Ball
3-1: Fly out, F2 (Popup, 23)
Batting: LHB Corey Ferguson 0-0: Ball
1-0: SINGLE (Groundball, 4M) (infield hit)
Solomon Norment to third
Batting: RHB Julián De Paz 0-0: Called Strike
0-1: Ball
1-1: Called Strike
1-2: Ball
2-2: Strikes out looking
Batting: LHB Tyler Kinjeketile 0-0: Called Strike
0-1: Ball
1-1: Ground out U3 (Groundball, 3L)
Top of the 1st over - 0 run(s), 1 hit(s), 0 error(s), 2 left on base; Phoenix 0 - Put-In-Bay 0
BOTTOM OF THE 1ST
Put-In-Bay BC batting - Pitching for Phoenix Hotspur U-21 : RHP Maru Pao Pao
Pitching: RHP Maru Pao Pao
Batting: SHB Júlio Pérez 0-0: Bunt for hit - play at first, batter safe!
Batting: LHB Vicente Castaneda 0-0: Ball
1-0: Called Strike
1-1: Ball
2-1: Ball
3-1: Called Strike
3-2: Base on Balls
Júlio Pérez to second
Batting: LHB Tural Bishara 0-0: Called Strike
Júlio Pérez steals 3rd base
Vicente Castaneda to second
0-1: Ball
1-1: Ground out 6-3 (Groundball, 6M)
Júlio Pérez scores
Vicente Castaneda to third
Batting: RHB Alan McLennan 0-0: Ball
1-0: Foul Ball, location: 2F
1-1: Foul Ball, location: 2F
1-2: Ball
2-2: Ball
3-2: Foul Ball, location: 2F
3-2: Ground out 4-3 (Groundball, 34)
Vicente Castaneda scores
Batting: SHB Eugene Clutch 0-0: Foul Ball, location: 2F
0-1: Ball
1-1: Ball
2-1: Called Strike
2-2: Strikes out swinging
Bottom of the 1st over - 2 run(s), 1 hit(s), 0 error(s), 0 left on base; Phoenix 0 - Put-In-Bay 2
TOP OF THE 2ND
Phoenix Hotspur U-21 batting - Pitching for Put-In-Bay BC : RHP Enrique Castro
Batting: RHB Bill Erickson 0-0: Foul Ball, location: 2F
0-1: Ground out U3 (Groundball, 3)
Batting: LHB Jason DeGeorge 0-0: Ball
1-0: Foul Ball, location: 2F
1-1: Ball
2-1: Foul Ball, location: 2F
2-2: Strikes out swinging
Batting: RHB Dale Everest 0-0: Ball
1-0: Ball
2-0: Called Strike
2-1: Ball
3-1: Foul Ball, location: 2F
3-2: Fly out, F9 (Line Drive, 9)
Top of the 2nd over - 0 run(s), 0 hit(s), 0 error(s), 0 left on base; Phoenix 0 - Put-In-Bay 2
BOTTOM OF THE 2ND
Put-In-Bay BC batting - Pitching for Phoenix Hotspur U-21 : RHP Maru Pao Pao
Batting: RHB Alejandro Márquez 0-0: Called Strike
0-1: Called Strike
0-2: Fly out, F9 (Flyball, 9)
Batting: RHB Oscar McMillan 0-0: Ball
1-0: Foul Ball, location: 2F
1-1: Swinging Strike
1-2: Foul Ball, location: 2F
1-2: Foul Ball, location: 2F
1-2: Ball
2-2: Foul Ball, location: 2F
2-2: Ball
3-2: Base on Balls
Batting: RHB Angus Watts 0-0: Called Strike
Oscar McMillan is caught stealing 2nd base
0-1: Swinging Strike
0-2: Ball
1-2: Ball
2-2: Ground out 4-3 (Groundball, 4)
Bottom of the 2nd over - 0 run(s), 0 hit(s), 0 error(s), 0 left on base; Phoenix 0 - Put-In-Bay 2
TOP OF THE 3RD
Phoenix Hotspur U-21 batting - Pitching for Put-In-Bay BC : RHP Enrique Castro
Batting: RHB Kyle Vandusen 0-0: Ball
1-0: Called Strike
1-1: Foul Ball, location: 2F
1-2: Ball
2-2: Foul Ball, location: 2F
2-2: Strikes out swinging
Batting: RHB Solomon Norment 0-0: Called Strike
0-1: Foul Ball, location: 2F
0-2: Strikes out swinging
Batting: RHB Juan Negrete 0-0: Foul Ball, location: 2F
0-1: Foul Ball, location: 2F
0-2: Ball
1-2: Strikes out looking
Top of the 3rd over - 0 run(s), 0 hit(s), 0 error(s), 0 left on base; Phoenix 0 - Put-In-Bay 2
BOTTOM OF THE 3RD
Put-In-Bay BC batting - Pitching for Phoenix Hotspur U-21 : RHP Maru Pao Pao
Batting: RHB Edgar Balerio 0-0: Ball
1-0: Bunt for hit - play at first, batter OUT! 1-3
Batting: SHB Júlio Pérez 0-0: Ground out 6-3 (Groundball, 56)
Batting: LHB Vicente Castaneda 0-0: Called Strike
0-1: Ball
1-1: Foul Ball, location: 2F
1-2: Strikes out swinging
Bottom of the 3rd over - 0 run(s), 0 hit(s), 0 error(s), 0 left on base; Phoenix 0 - Put-In-Bay 2
TOP OF THE 4TH
Phoenix Hotspur U-21 batting - Pitching for Put-In-Bay BC : RHP Enrique Castro
Batting: LHB Corey Ferguson 0-0: Called Strike
0-1: DOUBLE (Line Drive, 89D)
Batting: RHB Julián De Paz 0-0: Ball
1-0: Foul Ball, location: 2F
1-1: Ground out 6-3 (Groundball, 6)
Batting: LHB Tyler Kinjeketile 0-0: Ball
1-0: Ball
2-0: Swinging Strike
2-1: Fly out, F7 (Flyball, 7LMF)
Batting: RHB Bill Erickson 0-0: Called Strike
0-1: Called Strike
0-2: Strikes out swinging, 2-3 out at first.
Top of the 4th over - 0 run(s), 1 hit(s), 0 error(s), 1 left on base; Phoenix 0 - Put-In-Bay 2
BOTTOM OF THE 4TH
Put-In-Bay BC batting - Pitching for Phoenix Hotspur U-21 : RHP Maru Pao Pao
Batting: LHB Tural Bishara 0-0: Called Strike
0-1: DOUBLE (Flyball, 89XD)
Batting: RHB Alan McLennan 0-0: Called Strike
0-1: Ball
1-1: Ground out 4-3 (Groundball, 4)
Tural Bishara to third
Batting: SHB Eugene Clutch 0-0: Ball
1-0: Called Strike
1-1: Ground out 6-3 (Groundball, 6)
Tural Bishara scores
Batting: RHB Alejandro Márquez 0-0: Ground out 4-3 (Groundball, 4MD)
Bottom of the 4th over - 1 run(s), 1 hit(s), 0 error(s), 0 left on base; Phoenix 0 - Put-In-Bay 3
TOP OF THE 5TH
Phoenix Hotspur U-21 batting - Pitching for Put-In-Bay BC : RHP Enrique Castro
Batting: LHB Jason DeGeorge 0-0: Ball
1-0: Ground out U3 (Groundball, 3L)
Batting: RHB Dale Everest 0-0: Fly out, F8 (Flyball, 8RS)
Batting: RHB Kyle Vandusen 0-0: Ball
1-0: Swinging Strike
1-1: Foul Ball, location: 2F
1-2: Ground out 6-3 (Groundball, 6S)
Top of the 5th over - 0 run(s), 0 hit(s), 0 error(s), 0 left on base; Phoenix 0 - Put-In-Bay 3
BOTTOM OF THE 5TH
Put-In-Bay BC batting - Pitching for Phoenix Hotspur U-21 : RHP Maru Pao Pao
Batting: RHB Oscar McMillan 0-0: Ball
1-0: Bunted foul
1-1: Ball
2-1: Ground out 5-3 (Groundball, 56)
Batting: RHB Angus Watts 0-0: Ball
1-0: Called Strike
1-1: Foul Ball, location: 2F
1-2: Ground out 6-3 (Groundball, 6)
Batting: RHB Edgar Balerio 0-0: Ball
1-0: DOUBLE (Line Drive, 89D)
Batting: SHB Júlio Pérez 0-0: Foul Ball, location: 2F
0-1: Ground out 5-3 (Groundball, 5)
Bottom of the 5th over - 0 run(s), 1 hit(s), 0 error(s), 1 left on base; Phoenix 0 - Put-In-Bay 3
TOP OF THE 6TH
Phoenix Hotspur U-21 batting - Pitching for Put-In-Bay BC : RHP Enrique Castro
Batting: RHB Solomon Norment 0-0: Called Strike
0-1: Swinging Strike
0-2: Ball
1-2: Foul Ball, location: 2F
1-2: Foul Ball, location: 2F
1-2: Ball
2-2: Foul Ball, location: 2F
2-2: Foul Ball, location: 2F
2-2: Strikes out looking
Batting: RHB Juan Negrete 0-0: Fly out, F5 (Line Drive, 5)
Batting: LHB Corey Ferguson 0-0: Called Strike
0-1: Ball
1-1: Foul Ball, location: 2F
1-2: Ball
2-2: Fly out, F7 (Flyball, 7)
Top of the 6th over - 0 run(s), 0 hit(s), 0 error(s), 0 left on base; Phoenix 0 - Put-In-Bay 3
BOTTOM OF THE 6TH
Put-In-Bay BC batting - Pitching for Phoenix Hotspur U-21 : RHP Maru Pao Pao
Batting: LHB Vicente Castaneda 0-0: Called Strike
0-1: Fly out, F9 (Line Drive, 9)
Batting: LHB Tural Bishara 0-0: Called Strike
0-1: SOLO HOME RUN (Flyball, 89XD), Distance : 418 ft
Batting: RHB Alan McLennan 0-0: Fly out, F5 (Popup, 56S)
Batting: SHB Eugene Clutch 0-0: Ball
1-0: Ball
2-0: Ground out 4-3 (Groundball, 4)
Bottom of the 6th over - 1 run(s), 1 hit(s), 0 error(s), 0 left on base; Phoenix 0 - Put-In-Bay 4
TOP OF THE 7TH
Phoenix Hotspur U-21 batting - Pitching for Put-In-Bay BC : RHP Enrique Castro
Batting: RHB Julián De Paz 0-0: Ground out 5-3 (Groundball, 5S)
Batting: LHB Tyler Kinjeketile 0-0: Foul Ball, location: 2F
0-1: SINGLE (Groundball, 4D)
Batting: RHB Bill Erickson 0-0: Swinging Strike
0-1: DOUBLE (Line Drive, 7LM)
Tyler Kinjeketile to third
Runner from 3rd tries for Home, throw and OUT!
Batting: LHB Jason DeGeorge 0-0: Ball
1-0: Swinging Strike
1-1: Ball
2-1: Called Strike
2-2: Ground out 6-3 (Groundball, 6)
Top of the 7th over - 0 run(s), 2 hit(s), 0 error(s), 1 left on base; Phoenix 0 - Put-In-Bay 4
BOTTOM OF THE 7TH
Put-In-Bay BC batting - Pitching for Phoenix Hotspur U-21 : RHP Maru Pao Pao
Batting: RHB Alejandro Márquez 0-0: Fly out, F4 (Line Drive, 34D)
Batting: RHB Oscar McMillan 0-0: Ball
1-0: Foul Ball, location: 2F
1-1: Swinging Strike
1-2: Ball
2-2: Strikes out swinging
Batting: RHB Angus Watts 0-0: Ball
1-0: Foul Ball, location: 2F
1-1: Ball
2-1: Called Strike
2-2: Ball
3-2: Base on Balls
Batting: RHB Edgar Balerio 0-0: SINGLE (Groundball, 4MD)
Angus Watts to second
Batting: SHB Júlio Pérez 0-0: Called Strike
0-1: Foul Ball, location: 2F
0-2: Strikes out looking
Bottom of the 7th over - 0 run(s), 1 hit(s), 0 error(s), 2 left on base; Phoenix 0 - Put-In-Bay 4
TOP OF THE 8TH
Phoenix Hotspur U-21 batting - Pitching for Put-In-Bay BC : RHP Enrique Castro
Batting: RHB Dale Everest 0-0: Ball
1-0: Ball
2-0: Ground out 1-3 (Groundball, 15S)
Batting: RHB Kyle Vandusen 0-0: Foul Ball, location: 2F
0-1: Swinging Strike
0-2: Ball
1-2: Fly out, F9 (Flyball, 9)
Batting: RHB Solomon Norment 0-0: Ball
1-0: Foul Ball, location: 2F
1-1: Fly out, F7 (Flyball, 7LSF)
Top of the 8th over - 0 run(s), 0 hit(s), 0 error(s), 0 left on base; Phoenix 0 - Put-In-Bay 4
BOTTOM OF THE 8TH
Put-In-Bay BC batting - Pitching for Phoenix Hotspur U-21 : RHP Maru Pao Pao
Batting: LHB Vicente Castaneda 0-0: Ball
1-0: Foul Ball, location: 2F
1-1: Ground out 6-3 (Groundball, 6)
Batting: LHB Tural Bishara 0-0: Ball
1-0: Called Strike
1-1: Foul Ball, location: 2F
1-2: Strikes out swinging
Batting: RHB Alan McLennan 0-0: Ball
1-0: Ball
2-0: Ball
3-0: Called Strike
3-1: Ground out 6-3 (Groundball, 6)
Bottom of the 8th over - 0 run(s), 0 hit(s), 0 error(s), 0 left on base; Phoenix 0 - Put-In-Bay 4
TOP OF THE 9TH
Phoenix Hotspur U-21 batting - Pitching for Put-In-Bay BC : RHP Enrique Castro
Batting: RHB Juan Negrete 0-0: Called Strike
0-1: Foul Ball, location: 2F
0-2: Ball
1-2: Strikes out swinging
Batting: LHB Corey Ferguson 0-0: Ball
1-0: Ball
2-0: Foul Ball, location: 2F
2-1: Foul Ball, location: 2F
2-2: Ball
3-2: SINGLE (Flyball, 9LS)
Pitching: RHP Félix Santiago
Batting: RHB Julián De Paz 0-0: Called Strike
0-1: Ball
1-1: Foul Ball, location: 2F
1-2: Ball
2-2: Foul Ball, location: 2F
2-2: Strikes out swinging
Batting: LHB Tyler Kinjeketile 0-0: Ball
1-0: Called Strike
1-1: Ball
2-1: Called Strike
2-2: Ball
3-2: Foul Ball, location: 2F
3-2: Fly out, F8 (Line Drive, 8RM)
Top of the 9th over - 0 run(s), 1 hit(s), 0 error(s), 1 left on base; Phoenix 0 - Put-In-Bay 4
Saturday, May 26th, 2018 - OOTP Baseball 17.12 Build 75